[Event "*** Titled Tuesday Blitz"]
[Site "Chess.com"]
[Date "2020.04.28"]
[Round "5"]
[White "KubaGepard"]
[Black "NewBornNow"]
[Result "0-1"]
[WhiteElo "2411"]
[BlackElo "2619"]
[TimeControl "180+1"]
[EndTime "10:55:18 PDT"]
[Termination "NewBornNow won by resignation"]

1. d4 Nf6 2. Nf3 e6 3. Bf4 b6 4.
e3 Bb7 5. Nbd2 c5 6. c3 Be7 7. Bd3 O-O 8. Qe2 d5 9. h4 Nc6 10. h5 Bd6 11. Bg5 h6 12. Bh4 e5 13.
dxc5 Bxc5 14. e4 d4 15. cxd4 Bxd4 16. Nb3 Qd6 17. Nbxd4 Nxd4 18. Nxd4 Qxd4 19. Bxf6 gxf6 20. Rh3 Kh7 21. Qf3 Qb4+ 22. Kf1 Qe7 23. Rd1 Bc8 24. Rg3 Be6 25. Qe3 Rad8 26. f4 Bxa2 27. Ke2 Rg8 28. f5 Rxg3 29. Qxg3 Qb4 30. Rd2 Bc4 31. Kd1 Qb3+ 32.
Bc2 Rxd2+ 33. Kxd2 Qxg3 0-1

[Event "*** Titled Tuesday Blitz"]
[Site "Chess.com"]
[Date "2020.04.28"]
[Round "5"]
[White "tteshan"]
[Black "tomsishere"]
[Result "0-1"]
[WhiteElo "2245"]
[BlackElo "2439"]
[TimeControl "180+1"]
[EndTime "10:55:18 PDT"]
[Termination "tomsishere won by resignation"]

1. d4 Nf6 2. c4 g6 3. Nc3 d5 4. cxd5 Nxd5 5. e4 Nxc3 6. bxc3 Bg7 7. Bc4 c5 8. Ne2 Nc6 9. Be3 O-O 10. O-O Bg4 11. f3 Bd7 12. Qd2 Qa5 13. Rfd1 Rad8 14. Rab1 b6 15. Bh6 cxd4 16. Bxg7 Kxg7 17. cxd4 Qxd2 18. Rxd2 Na5 19. Bd3 Rc8 20. Nf4 Nc4 21.
Rdd1 b5 22. Nd5 e6 23. Nc3 Na3 24. Rbc1 b4 25. Ne2 a5 26. Kf2 Kf6 27. Ba6 Ra8 28.
Bb7 Rab8 29. Rc7 Ba4 30. Rdc1 Nb5 31. Rd7 Nc3 32. Rc7 Nb5 33. Rd7 Nc3 34. Rc7 Nxa2 35.
Ra1 b3 36. e5+ Kg7 37. Be4 Bb5 38. Ra7 a4 39. Ra5 Bxe2 40. Kxe2 Nc3+ 41. Kd3 b2 42. Re1 Nxe4 43. fxe4 b1=Q+ 44. Rxb1 Rxb1 45. Ke3 Rfb8 46. Kf4 0-1

[Event "*** Titled Tuesday Blitz"]
[Site "Chess.com"]
[Date "2020.04.28"]
[Round "5"]
[White "Vamostodorecto"]
[Black "ferdipy"]
[Result "0-1"]
[WhiteElo "2466"]
[BlackElo "2279"]
[TimeControl "180+1"]
[EndTime "10:55:19 PDT"]
[Termination "ferdipy won by checkmate"]

1. d4 e5 2. c4 exd4 3. Qxd4 Nc6 4. Qd1 g6 5. Bd2 Bg7 6. Bc3 Nf6 7. Nd2 O-O 8. e3 d6 9. Ngf3 a5 10. Be2 Bg4 11. h3 Bf5 12. O-O Re8 13. Nd4 Nxd4 14.
exd4 d5 15. g4 Be6 16. c5 c6 17. Bd3 h5 18. f3 Qc7 19. Kg2 Qf4 20. Nb3 a4 21.
Bd2 Qc7 22. Nc1 a3 23. bxa3 Rxa3 24. Nb3 Nd7 25. Qc1 Rea8 26. Qc2 b6 27. cxb6 Qxb6 28. Bc3 hxg4 29. hxg4 Rc8 30. Rfe1 c5 31. dxc5 Nxc5 32.
Bxg7 Kxg7 33. Qb2+ f6 34. Qxa3 Nxd3 35. Qe7+ Bf7 36.
Red1 Qf2+ 37. Kh1 Rh8# 0-1

[Event "*** Titled Tuesday Blitz"]
[Site "Chess.com"]
[Date "2020.04.28"]
[Round "5"]
[White "AniJak"]
[Black "InitiatingASC"]
[Result "1-0"]
[WhiteElo "2260"]
[BlackElo "2419"]
[TimeControl "180+1"]
[EndTime "10:55:19 PDT"]
[Termination "AniJak won by checkmate"]

1. e4 c5 2. Nf3 Nc6 3. d4 cxd4 4. Nxd4 Nf6 5. Nc3 e5 6. Ndb5 h6 7. Nd6+ Bxd6 8. Qxd6 Qe7 9. Nb5 Qxd6 10. Nxd6+ Ke7 11. Nf5+ Kf8 12. Ng3 d6 13. c3 Be6 14. Be2 Ke7 15.
O-O Rhd8 16. f4 exf4 17. Bxf4 Ne5 18. Nf5+ Bxf5 19. exf5 Nd5 20. Bd2 Rac8 21. Rad1 Nc4 22. Bxc4 Rxc4 23. Bxh6 Nxc3 24. Rde1+ Kf6 25. Bxg7+ Kxg7 26. f6+ Kg6 27. bxc3 Rxc3 28. Re4 Rc5 29. Rb4 b5 30. h4 Re8 31. Rg4+ Kh5 32. Rg7 Rc7 33. Rf5+ Kh6 34. Rxb5 Rc4 35. Rxf7 Rxh4 36. Rxa7 Rf4 37. f7 Re1+ 38. Kh2 Ref1 39. Rd5 Rf6 40. Rd7 Kg7 41. R5xd6 R6f2 42. Rd2 Rf6 43. g3 Ra1 44. Rb2 Rh6+ 45. Kg2 Rhh1 46. f8=Q+ Kxf8 47. Rb8# 1-0

[Event "*** Titled Tuesday Blitz"]
[Site "Chess.com"]
[Date "2020.04.28"]
[Round "5"]
[White "Gloomy_Wanderer"]
[Black "RodinMihail"]
[Result "1-0"]
[WhiteElo "2814"]
[BlackElo "2537"]
[TimeControl "180+1"]
[EndTime "10:55:20 PDT"]
[Termination "Gloomy_Wanderer won by resignation"]

1. d4 d5 2. c4 e6 3. Nf3 Nf6 4. g3 c6 5. Bg2 Nbd7 6. Nbd2 Bd6 7.
O-O O-O 8. Qc2 e5 9. dxe5 Nxe5 10. Nxe5 Bxe5 11. Nf3 Bc7 12. Rd1 Bb6 13. b3 Qe7 14. Bb2 dxc4 15. Qxc4 Be6 16. Qh4 Bd5 17. e4 Qxe4 18. Bxf6 gxf6 19. Qxf6 Qg6 20. Qf4 Qe4 21.
Qxe4 Bxe4 22. Ne5 Bxg2 23. Kxg2 Rfe8 24. Nd7 Re7 25. Rd2 Ba5 26. Rd3 Rae8 27. Nf6+ Kg7 28. Nxe8+ Rxe8 29. Kf3 Re6 30. Rad1 Bb6 31. R3d2 h5 32.
Re2 Rf6+ 33. Kg2 c5 34. Rd7 Rc6 35. Ree7 Rf6 36. f4 Kg6 37. Rxb7 h4 38. Kf3 hxg3 39. hxg3 Kg7 40. g4 Kg6 41. Rbd7 c4 42. bxc4 Rc6 43. Rxf7 Rxc4 44. Rg7+ Kf6 45. g5+ Kf5 46. Rgf7+ Ke6 47.
Rfe7+ Kf5 48. Re5+ Kg6 49. Re6+ 1-0

[Event "*** Titled Tuesday Blitz"]
[Site "Chess.com"]
[Date "2020.04.28"]
[Round "5"]
[White "PIwan"]
[Black "Megagigahiper3345"]
[Result "1-0"]
[WhiteElo "2549"]
[BlackElo "2453"]
[TimeControl "180+1"]
[EndTime "10:55:20 PDT"]
[Termination "PIwan won by resignation"]

1. c4 Nf6 2. Nc3 c5 3. Nf3 e6 4. e3 d5 5. d4 Nc6 6. cxd5 exd5 7. Be2 cxd4 8. Nxd4 Bd6 9. O-O O-O 10. Bf3 Bc7 11. Ncb5 Bb8 12. Bd2 a6 13. Nxc6 bxc6 14. Nd4 Qd6 15. g3 Bh3 16. Re1 Re8 17. Rc1 Bd7 18.
b4 Ne4 19. Qc2 Nxd2 20. Qxd2 a5 21. a3 axb4 22. axb4 Ba7 23. Rc2 Rab8 24. Rb2 Qf6 25. Kg2 Bxd4 26. exd4 Bh3+ 27. Kxh3 Qxf3 28. Re3 Rxe3 29.
Qxe3 Qxe3 30. fxe3 Re8 31. b5 cxb5 32. Rxb5 Rxe3 33. Rb8+ 1-0

[Event "*** Titled Tuesday Blitz"]
[Site "Chess.com"]
[Date "2020.04.28"]
[Round "5"]
[White "Kaua18"]
[Black "jonaszmb"]
[Result "0-1"]
[WhiteElo "2247"]
[BlackElo "2436"]
[TimeControl "180+1"]
[EndTime "10:55:20 PDT"]
[Termination "jonaszmb won by resignation"]

1. e4 c6 2. d4 d5 3. Nc3 dxe4 4. Nxe4 Bf5 5. Ng3 Bg6 6. Bc4 e6 7. N1e2 Nf6 8. O-O Bd6 9. f4 Nd5 10. f5 exf5 11. Nxf5 Bxf5 12. Rxf5 Nd7 13. Qf1 O-O 14.
Bxd5 cxd5 15. Rxd5 Nf6 16. Rf5 Ne4 17. Qf3 Qe7 18. Bf4 Rae8 19. Be5 f6 20. Qxe4 fxe5 21. d5 Rxf5 22. Qxf5 e4 23. Rf1 Qc7 24. h3 g6 25.
Qg4 Qxc2 26. Qd7 Qc5+ 27. Kh1 Rf8 28. Rc1 Qxc1+ 29. Ng1 Qc5 30. Qe6+ Kg7 31. g3 Rf1 32. Qd7+ Kh6 0-1

[Event "*** Titled Tuesday Blitz"]
[Site "Chess.com"]
[Date "2020.04.28"]
[Round "5"]
[White "kuba2006"]
[Black "Playgood28"]
[Result "1-0"]
[WhiteElo "2402"]
[BlackElo "2226"]
[TimeControl "180+1"]
[EndTime "10:55:20 PDT"]
[Termination "kuba2006 won by resignation"]

1. e4 e5 2. Nf3 d6 3. d4 exd4 4.
Nxd4 Nf6 5. Bd3 g6 6. O-O Bg7 7. Nc3 O-O 8. Bg5 h6 9. Bh4 Nc6 10. Nxc6 bxc6 11. Ne2 Rb8 12. Rb1 Qe8 13. Nc3 Ng4 14. Qd2 Ne5 15. f4 Nxd3 16. cxd3 f5 17.
Rbe1 Qf7 18. e5 dxe5 19. fxe5 g5 20. Bg3 f4 21. d4 Be6 22. b3 Qg6 23. Bf2 f3 24. gxf3 Bh3 25. Bg3 Bxf1 26. Rxf1 h5 27.
h3 Rf5 28. Kg2 Rbf8 29. Qe3 Rf4 30. Ne4 R4f5 31. Nc5 g4 32. hxg4 hxg4 33. f4 Rh5 34.
Qe4 Qh6 35. f5 Rh3 36. Qxg4 Kh7 37. Qxh3 1-0

[Event "*** Titled Tuesday Blitz"]
[Site "Chess.com"]
[Date "2020.04.28"]
[Round "5"]
[White "SmirnovAlexandrA"]
[Black "politeplayer"]
[Result "1-0"]
[WhiteElo "2359"]
[BlackElo "2193"]
[TimeControl "180+1"]
[EndTime "10:55:21 PDT"]
[Termination "SmirnovAlexandrA won by resignation"]

1. e4 e6 2. d4 d5 3. Nc3 dxe4 4. Nxe4 Nd7 5. Nf3 Ngf6 6. Bd3 Nxe4 7. Bxe4 Nf6 8. Bd3 c5 9. Bg5 cxd4 10. Nxd4 Qa5+ 11. Qd2 Qxd2+ 12. Bxd2 Bd7 13. O-O-O a6 14. f3 Bc5 15.
Nb3 Ba7 16. Rhe1 O-O 17. Be3 Rfc8 18. Bxa7 Rxa7 19. g4 b6 20. Kb1 Rac7 21. c3 a5 22. g5 Nd5 23. Nd4 a4 24. a3 Nf4 25. Bb5 Nh3 26.
Bxd7 Rxd7 27. Nc6 Rxd1+ 28. Rxd1 Kf8 29. Ne5 Nxg5 30. Nd7+ Ke7 31. Nxb6 Rb8 32. Nxa4 Nxf3 33. b4 e5 34. c4 e4 35. Nc3 f5 36. c5 Rd8 37. Rxd8 Kxd8 38. Nd5 Nd2+ 39. Kc2 Nc4 40. Kb3 e3 41. Nf4 g5 42. Kxc4 gxf4 43. Kd3 Kc7 44. b5 h5 45. h4 Kb7 46. a4 Kc7 47.
a5 Kb7 48. Ke2 Kc7 49. a6 Kb8 50. b6 Kc8 51. c6 Kb8 52. c7+ Kc8 53. a7 1-0

[Event "*** Titled Tuesday Blitz"]
[Site "Chess.com"]
[Date "2020.04.28"]
[Round "5"]
[White "chessdjw"]
[Black "dpopadic"]
[Result "0-1"]
[WhiteElo "2577"]
[BlackElo "2352"]
[TimeControl "180+1"]
[EndTime "10:55:22 PDT"]
[Termination "dpopadic won on time"]

1. e4 c5 2. Nf3 Nc6 3. Bb5 g5 4. Nxg5 Nf6 5. d3 Nd4 6. Bc4 d5 7. exd5 b5 8. Bb3 Rg8 9. Nc3 h6 10. Nge4 Nxe4 11. Nxe4 Rxg2 12. h3 Bb7 13. Be3 Nxb3 14.
axb3 Bxd5 15. Bxc5 Qc7 16. Qf3 Rg6 17. b4 Bc6 18.
Kd1 a6 19. Re1 Re6 20. Qf5 Qb7 21. f3 Bg7 22. Qh7 Bf8 23. Ra3 Rg6 24. Qh8 O-O-O 25. Qe5 Bg7 26. Qg5 Rxg5 0-1

[Event "*** Titled Tuesday Blitz"]
[Site "Chess.com"]
[Date "2020.04.28"]
[Round "5"]
[White "yoolund"]
[Black "Akhayan"]
[Result "1-0"]
[WhiteElo "2531"]
[BlackElo "2297"]
[TimeControl "180+1"]
[EndTime "10:55:22 PDT"]
[Termination "yoolund won by resignation"]

1. d4 e6 2. c4 d5 3. Nc3 Nf6 4. Nf3 Be7 5. Bf4 O-O 6. e3 Nbd7 7. c5 c6 8. b4 b6 9. Bd3 a5 10. a3 Ba6 11. O-O Qc8 12. Qe2 Bxd3 13. Qxd3 Bd8 14. Ne5 Nxe5 15. Bxe5 Nd7 16. Bd6 Re8 17. Rfc1 b5 18.
e4 Bc7 19. Bxc7 Qxc7 20. e5 axb4 21. axb4 Qb7 22. h4 Rxa1 23. Rxa1 Ra8 24. Qb1 Ra6 25.
Rxa6 Qxa6 26. Qa2 Qxa2 27. Nxa2 f6 28. f4 Kf7 29. Kf2 h5 30. Kf3 Kg6 31. g4 hxg4+ 32. Kxg4 f5+ 33. Kg3 Kh6 34. Nc1 Nf8 35. Nb3 Ng6 36. Na5 Ne7 37. Nb7 Ng6 38. Nd8 Kh5 39.
Nxe6 Nxh4 40. Nxg7+ Kg6 41. Kxh4 Kxg7 42. Kg5 Kf7 43.
Kxf5 1-0

[Event "*** Titled Tuesday Blitz"]
[Site "Chess.com"]
[Date "2020.04.28"]
[Round "5"]
[White "yamalchess"]
[Black "GM_Levan_Pantsulaia"]
[Result "0-1"]
[WhiteElo "2584"]
[BlackElo "2816"]
[TimeControl "180+1"]
[EndTime "10:55:23 PDT"]
[Termination "GM_Levan_Pantsulaia won on time"]

1. d4 Nf6 2. c4 c5 3. d5 e6 4. Nc3 exd5 5. cxd5 d6 6. e4 g6 7. Nf3 a6 8. a4 Bg4 9. h3 Bxf3 10. Qxf3 Bg7 11.
g3 O-O 12. Bg2 Nbd7 13. O-O Re8 14. Bf4 Ne5 15. Bxe5 Rxe5 16. Qd3 Re8 17. f4 Qa5 18. Kh2 Qb4 19. Rf2 c4 20. Qc2 Nd7 21. Re2 Nc5 22.
Rf1 Nb3 23. Ree1 b5 24. axb5 axb5 25. Qf2 Bxc3 26. bxc3 Qxc3 27. e5 Qd4 28. Qe2 Nd2 29.
Rf2 c3 30. e6 f5 31. Qe3 Qxe3 32. Rxe3 b4 33. Bf1 c2 34. Re1 Nxf1+ 35. Rfxf1 b3 36.
g4 fxg4 0-1

[Event "*** Titled Tuesday Blitz"]
[Site "Chess.com"]
[Date "2020.04.28"]
[Round "5"]
[White "aakankshachess"]
[Black "jucAxx"]
[Result "1-0"]
[WhiteElo "2469"]
[BlackElo "2118"]
[TimeControl "180+1"]
[EndTime "10:55:23 PDT"]
[Termination "aakankshachess won on time"]

1. e4 e6 2. d4 d5 3. e5 c5 4. c3 Nc6 5. Nf3 Qb6 6. a3 Nh6 7. b4 cxd4 8. cxd4 Nf5 9. Bb2 Be7 10. Bd3 O-O 11. O-O f6 12. Bxf5 exf5 13. Re1 fxe5 14.
dxe5 Be6 15. Nc3 Rad8 16. Na4 Qc7 17. Rc1 a6 18. Nc5 Bxc5 19. Rxc5 Qe7 20. Qc1 h6 21. a4 Nxb4 22. Rc7 Rd7 23. Rxd7 Qxd7 24. Qc5 Nc6 25.
Ba3 Rc8 26. g3 f4 27. Qd6 fxg3 28. hxg3 Qf7 29. Nh4 Rd8 30. Qc5 Qh5 31. Bb2 d4 32. Ng2 Rf8 33. Qd6 Qh3 34. Bxd4 Nxd4 35. Qxd4 Qf5 36.
Nf4 g5 37. Nxe6 Qxe6 38. Qe4 Qf5 39. Qe3 Qc2 40. e6 Qxa4 41. e7 Re8 42. Qe6+ Kg7 43.
Qe5+ Kg8 44. Qf6 Qc6 45. Re6 1-0

[Event "*** Titled Tuesday Blitz"]
[Site "Chess.com"]
[Date "2020.04.28"]
[Round "5"]
[White "Azatic"]
[Black "NFork"]
[Result "1-0"]
[WhiteElo "2633"]
[BlackElo "1914"]
[TimeControl "180+1"]
[EndTime "10:55:23 PDT"]
[Termination "Azatic won on time"]

1. e4 c6 2. Nc3 d5 3. Qf3 e6 4. Qg3 Nf6 5. e5 Nfd7 6. f4 g6 7. Nf3 c5 8. Bb5 Nc6 9. O-O Qb6 10. Bxc6 bxc6 11. Kh1 Ba6 12. d3 c4 13. dxc4 Bxc4 14.
Rd1 Be7 15. a4 a5 16. Nd2 Ba6 17. Nb3 c5 18. Qf2 O-O 19. Bd2 Bc4 20. Ra3 Rfb8 21.
Nb5 Bxb5 22. axb5 c4 23. Qxb6 Rxb6 24. Nd4 Bxa3 25. bxa3 Nc5 26. Rb1 Ne4 27. Be1 a4 28. Kg1 c3 29. Rb4 Kf8 30. Kf1 Ke8 31. Ke2 Kd7 32. Kd3 Rb7 33. Bxc3 Nxc3 34. Kxc3 Rc7+ 35. Kd3 Rc4 36. Rxc4 dxc4+ 37. Kxc4 Kc7 38. Kc5 Kb7 39. Kb4 Rd8 40. c3 Rc8 41. Nc6 Kb6 42. Kxa4 Kc5 43. Kb3 Rc7 44. a4 Rd7 45. a5 Rd1 46. a6 Kxb5 47.
Kc2 1-0

[Event "*** Titled Tuesday Blitz"]
[Site "Chess.com"]
[Date "2020.04.28"]
[Round "5"]
[White "StephenDedalus83"]
[Black "Kildepiotr"]
[Result "0-1"]
[WhiteElo "2782"]
[BlackElo "2577"]
[TimeControl "180+1"]
[EndTime "10:55:24 PDT"]
[Termination "Kildepiotr won by resignation"]

1. e4 g6 2. d4 Bg7 3. Nc3 c6 4. Nf3 d6 5. h3 Nf6 6. Be3 O-O 7.
a4 Nbd7 8. Bc4 e5 9. dxe5 Nxe5 10. Nxe5 dxe5 11. Qxd8 Rxd8 12. O-O Be6 13. Bxe6 fxe6 14. Rfd1 Rxd1+ 15. Rxd1 Bf8 16. f3 Kf7 17. Nb1 a6 18. Rd3 b5 19. Rc3 Rc8 20. Kf2 Nd7 21. axb5 axb5 22.
Nd2 Bb4 23. Rd3 Nc5 24. Bxc5 Bxc5+ 25. Ke2 Ke7 26. Nb3 Bb6 27. Rc3 Kd6 28. Nc1 Ra8 29.
Rd3+ Ke7 30. Rd1 Bd4 31. Nd3 Ra2 32. Rb1 c5 33. Kd2 c4 34. c3 cxd3 35. cxd4 exd4 36. e5 Kd7 37. Kxd3 Ra4 38. g4 Kc6 39. b3 Rb4 40. f4 Kd5 41. Rb2 g5 42. fxg5 Kxe5 43. h4 Kf4 44. Rf2+ Kxg4 45. Rf7 Kxh4 46. Rxh7+ Kxg5 47. Re7 Kf5 48. Kc2 Ke5 49. Re8 Kd5 50. Rd8+ Ke4 51.
Rd7 e5 52. Rh7 d3+ 53. Kc3 Rd4 54. Rh4+ Kd5 55. Rh1 d2 56. Rd1 b4+ 57. Kc2 e4 58. Rxd2 Rxd2+ 59. Kxd2 Kd4 60. Ke2 Kc3 61. Ke3 Kxb3 0-1

[Event "*** Titled Tuesday Blitz"]
[Site "Chess.com"]
[Date "2020.04.28"]
[Round "5"]
[White "GM4life"]
[Black "Bacyanide"]
[Result "0-1"]
[WhiteElo "2179"]
[BlackElo "2401"]
[TimeControl "180+1"]
[EndTime "10:55:24 PDT"]
[Termination "Bacyanide won by checkmate"]

1. e4 c6 2. d3 d5 3. Nf3 g6 4. Nc3 Bg7 5. Be2 e6 6. O-O Ne7 7. Bg5 h6 8. Bf4 Nd7 9. Qd2 g5 10. Bg3 Ng6 11. exd5 cxd5 12. Nb5 O-O 13. Bd6 Ne7 14.
d4 Nf6 15. Ne5 Ne4 16. Qb4 Nxd6 17. Nxd6 Rb8 18. c4 a5 19. Qa3 Nc6 20. Nxc6 bxc6 21.
c5 Bxd4 22. Rfd1 Bxb2 23. Qh3 Bg7 24. Rab1 Rb4 25. a3 Rh4 26. Qg3 Bd7 27. Rb7 e5 28. Rdb1 Be6 29. R1b6 Qf6 30. Rxc6 e4 31. Bf1 d4 32.
Nxe4 Rxe4 33. h3 Rf4 34. Rcb6 h5 35. c6 h4 36. Qd3 Rxf2 37. c7 Qf4 38. Rb8 Rxf1+ 39.
Qxf1 Qxc7 40. Rxf8+ Bxf8 41. Rb1 Qe5 42. Kh1 Bd6 43. Re1 Qh2# 0-1

[Event "*** Titled Tuesday Blitz"]
[Site "Chess.com"]
[Date "2020.04.28"]
[Round "5"]
[White "MFguimaraes"]
[Black "HanSchut"]
[Result "1/2-1/2"]
[WhiteElo "2401"]
[BlackElo "2240"]
[TimeControl "180+1"]
[EndTime "10:55:24 PDT"]
[Termination "Game drawn - insufficient material"]

1. e4 c5 2. Nf3 d6 3. d4 cxd4 4. Nxd4 Nf6 5. Nc3 a6 6. g3 g6 7. Bg2 Bg7 8. O-O O-O 9. a4 Bd7 10. a5 Nc6 11. h3 Nxa5 12. Nd5 Nc6 13. c3 Re8 14. Be3 Nxd4 15. Nxf6+ Bxf6 16. cxd4 Qb6 17. e5 Bg7 18. d5 Qxb2 19. e6 Bb5 20. Rb1 Qf6 21.
Re1 Rac8 22. h4 fxe6 23. dxe6 Bc6 24. Bxc6 bxc6 25. Bg5 Qd4 26. Qf3 Rf8 27. Qe2 Qa7 28.
Be3 Bd4 29. h5 Bxe3 30. fxe3 Rf6 31. Qg4 Rcf8 32. Kg2 Qc5 33. hxg6 Rxg6 34. Qd4 Qd5+ 35. Qxd5 cxd5 36. e4 Rxe6 37. exd5 Rxe1 38. Rxe1 Kf7 39. Rh1 Kg6 40. Re1 Rf5 41. Re6+ Rf6 42. Rxe7 Kf5 43. Rxh7 Ke5 44. Ra7 Kxd5 45. Rxa6 Ke6 46. g4 Rf4 47. Kg3 Rb4 48. Kh4 Ke5 49. Kg5 d5 50.
Ra8 Ke4 51. Re8+ Kd3 52. Kf5 d4 53. g5 Rb5+ 54. Kf6 Kc2 55. g6 Rb6+ 56. Kf5 Rxg6 57. Kxg6 d3 58. Rc8+ Kb1 59. Kf5 d2 60. Rd8 Kc1 61.
Ke4 d1=Q 62. Rxd1+ Kxd1 1/2-1/2

[Event "*** Titled Tuesday Blitz"]
[Site "Chess.com"]
[Date "2020.04.28"]
[Round "5"]
[White "abubakrtagelsir"]
[Black "andy_rekt"]
[Result "1-0"]
[WhiteElo "2360"]
[BlackElo "2203"]
[TimeControl "180+1"]
[EndTime "10:55:24 PDT"]
[Termination "abubakrtagelsir won by resignation"]

1. e4 c5 2. Nc3 Nc6 3. f4 e6 4. Nf3 d5 5. exd5 exd5 6. d4 Nf6 7.
Be3 Ng4 8. Bg1 cxd4 9. Nxd4 Qe7+ 10. Qe2 Qxe2+ 11. Bxe2 Bb4 12. O-O-O Bxc3 13. bxc3 O-O 14.
Nb5 Nf6 15. Nc7 Rb8 16. Nxd5 Nxd5 17. Rxd5 Be6 18. Rb5 a6 19. Rb6 Na5 20. a4 Rfc8 21. Bd4 Nc4 22. Rb4 a5 23. Rb5 Bd7 24. Rc5 Rxc5 25. Bxc5 b6 26. Bd4 Nd6 27. Rd1 Nf5 28. Be5 Rb7 29. Bf3 Ra7 30. Bb8 Ra8 31. Bxa8 1-0

[Event "*** Titled Tuesday Blitz"]
[Site "Chess.com"]
[Date "2020.04.28"]
[Round "5"]
[White "fidezivkovic"]
[Black "BelaKis"]
[Result "1-0"]
[WhiteElo "2306"]
[BlackElo "2043"]
[TimeControl "180+1"]
[EndTime "10:55:24 PDT"]
[Termination "fidezivkovic won on time"]

1. e4 g6 2. d4 Bg7 3. Nc3 c5 4. dxc5 Na6 5. Bxa6 bxa6 6. Nge2 Bb7 7. O-O Nf6 8. f3 O-O 9. Be3 Qc7 10. Qd2 Rfd8 11. Kh1 d6 12. cxd6 Rxd6 13. Qc1 Rc6 14. Rd1 e6 15.
Bh6 Bh8 16. Qf4 e5 17. Qh4 Rb6 18. Rab1 a5 19. Bg5 a6 20. Qf2 Rc8 21. Rd2 Bg7 22.
Be3 Rc6 23. Rbd1 h6 24. Nc1 Rxc3 25. bxc3 Qxc3 26. Nd3 Nh5 27. Nc5 Bc6 28. g3 Kh7 29. Rd3 Qc4 30. Rb3 f5 31. exf5 gxf5 32. a3 Nf6 33.
Kg1 1-0

[Event "*** Titled Tuesday Blitz"]
[Site "Chess.com"]
[Date "2020.04.28"]
[Round "5"]
[White "blitzking1729"]
[Black "Dr-Bassem"]
[Result "1/2-1/2"]
[WhiteElo "2570"]
[BlackElo "2790"]
[TimeControl "180+1"]
[EndTime "10:55:25 PDT"]
[Termination "Game drawn by agreement"]

1. d4 e6 2. Nf3 f5 3. Bg5 Be7 4.
Bxe7 Qxe7 5. Nbd2 Nf6 6. c3 O-O 7. e3 d6 8. Bc4 Kh8 9. O-O e5 10. dxe5 dxe5 11. e4 f4 12. Qb3 Nc6 13. Bd5 Nd8 14. Qb4 Re8 15. Qxe7 Rxe7 16. Bb3 Bg4 17. Rfe1 h6 18. Nh4 Kh7 19. h3 Bd7 20. Rad1 g5 21.
Nf5 Bxf5 22. exf5 Nc6 23. Be6 Rd8 24. b4 a6 25. a4 b5 26. axb5 axb5 27. Ne4 Nxe4 28.
Rxd8 Nxd8 29. Rxe4 Nxe6 30. Rxe5 Kg7 31. fxe6 c6 32. g3 fxg3 33. fxg3 Kf6 34. Rc5 Rxe6 35. c4 bxc4 36. Rxc4 Ke5 37. Rc5+ Kd6 38. Kf2 Re4 39. Rf5 Rxb4 40. Rf6+ Kd5 41. Rxh6 g4 42. Rh5+ Ke4 43. hxg4 Rb2+ 44. Ke1 Kf3 45. Rc5 Kxg4 46. Rxc6 Kxg3 47. Kd1 Kf4 48. Kc1 Rb5 49. Rc4+ Kf5 50. Kc2 Re5 1/2-1/2

[Event "*** Titled Tuesday Blitz"]
[Site "Chess.com"]
[Date "2020.04.28"]
[Round "5"]
[White "Harsha_Bharathakoti"]
[Black "nabukatnezarr"]
[Result "1-0"]
[WhiteElo "2742"]
[BlackElo "2519"]
[TimeControl "180+1"]
[EndTime "10:55:26 PDT"]
[Termination "Harsha_Bharathakoti won by resignation"]

1. e4 e6 2. d4 d5 3. Nc3 Nf6 4.
e5 Nfd7 5. Nce2 c5 6. c3 Qb6 7.
Nf3 Nc6 8. a3 Be7 9. Nf4 h6 10.
Be2 a5 11. O-O a4 12. Rb1 Ndb8 13. Be3 Bd7 14. Nh5 Rg8 15. Ne1 cxd4 16. cxd4 Na5 17. Nc2 Bb5 18. Bxb5+ Qxb5 19. Qg4 Qd3 20. Nb4 Qg6 21. Qe2 Nbc6 22. Nf4 Qe4 23. Nxc6 bxc6 24. f3 Qf5 25. g4 Qh7 26. Rbc1 Kf8 27. Bd2 Nc4 28. Rxc4 dxc4 29. Qxc4 g6 30. Qxc6 Kg7 31.
d5 Rgd8 32. Qb7 Re8 33. d6 Bg5 34. Nxe6+ Rxe6 35. Bxg5 Rae8 36. Bf6+ Rxf6 37. exf6+ Kxf6 38. d7 Rd8 39. Qb6+ Kg5 40. Qxd8+ 1-0

[Event "*** Titled Tuesday Blitz"]
[Site "Chess.com"]
[Date "2020.04.28"]
[Round "5"]
[White "monalize"]
[Black "BronceYSueno"]
[Result "0-1"]
[WhiteElo "2354"]
[BlackElo "2246"]
[TimeControl "180+1"]
[EndTime "10:55:26 PDT"]
[Termination "BronceYSueno won on time"]

1. e4 c5 2. Nf3 e6 3. d4 cxd4 4. Nxd4 a6 5. Nc3 Qc7 6. f4 b5 7. Bd3 Bb7 8. a3 Bc5 9. Nb3 Ba7 10. Qg4 g6 11. Bd2 d6 12. Qh4 Nd7 13. O-O-O Ngf6 14. Rhe1 O-O-O 15. Kb1 h5 16. h3 Ne8 17. Be3 Bxe3 18.
Rxe3 Nc5 19. Qe1 Nxd3 20. Rexd3 Kb8 21. Qe3 Nf6 22. Nd4 Nd7 23. Nf3 Nc5 24. R3d2 Qc6 25. Ng5 Rhf8 26. b4 Na4 27. Nxa4 bxa4 28. Rd3 Rd7 29. Qd2 Rfd8 30. Rc3 Qb6 31. Qd4 Qb5 32. Qd3 Qb6 0-1

[Event "*** Titled Tuesday Blitz"]
[Site "Chess.com"]
[Date "2020.04.28"]
[Round "5"]
[White "jlandaw"]
[Black "Petrosyan_Tigran"]
[Result "0-1"]
[WhiteElo "2397"]
[BlackElo "2580"]
[TimeControl "180+1"]
[EndTime "10:55:28 PDT"]
[Termination "Petrosyan_Tigran won on time"]

1. e4 e5 2. Nf3 Nc6 3. Bb5 a6 4. Ba4 Nf6 5. O-O Nxe4 6. d4 b5 7. Bb3 d5 8. dxe5 Be6 9. Nbd2 Be7 10. c3 O-O 11. Bc2 f5 12. exf6 Nxf6 13. Ng5 Bg4 14.
f3 Bc8 15. Re1 Qd6 16. Qe2 Re8 17. Qd3 g6 18. Nb3 Bf5 19. Qd2 Bxc2 20. Qxc2 Bf8 21. Bd2 d4 22. cxd4 Nxd4 23. Nxd4 Qxd4+ 24. Kh1 c5 25.
Bc3 Qd6 26. Rad1 Qc6 27. Bxf6 Qxf6 28. Ne4 Qc6 29. a4 c4 30. axb5 axb5 31. Qc3 Bg7 32. Qb4 Rad8 33. Rxd8 Rxd8 34. Qe7 Rf8 35. Qb4 Qd5 36.
h3 Rd8 37. Re2 Qd4 38. Qxb5 Qd1+ 39. Kh2 Qxe2 40. Qb6 Be5+ 0-1

[Event "*** Titled Tuesday Blitz"]
[Site "Chess.com"]
[Date "2020.04.28"]
[Round "5"]
[White "ParvizGasimov"]
[Black "konradrutkowski"]
[Result "0-1"]
[WhiteElo "2315"]
[BlackElo "2187"]
[TimeControl "180+1"]
[EndTime "10:55:28 PDT"]
[Termination "konradrutkowski won on time"]

1. e4 d6 2. d4 Nf6 3. Nc3 g6 4. Nf3 Bg7 5. h3 O-O 6. Be3 Nc6 7. d5 Nb8 8. Bc4 c6 9. O-O b5 10. Bd3 b4 11. Na4 Bb7 12. c4 bxc3 13. Nxc3 cxd5 14. exd5 Nbd7 15. Bc4 Nb6 16. Bb3 Rc8 17. Bd4 Re8 18. Re1 Qd7 19. Qd3 Qf5 20. Qb5 Nfxd5 21. Bxg7 Kxg7 22. Nd4 Qh5 23. Nxd5 Bxd5 24. g4 Qxh3 25.
Bxd5 Qxg4+ 26. Bg2 Qxd4 27. Rad1 Qf6 28. a4 Red8 29.
a5 Rc5 30. Qa6 Nc4 31. Qxa7 Rxa5 32. Qc7 e6 33. Qxc4 Rf5 34. Qd4 e5 35. Qe3 Rb8 36. Rd2 Rb4 37. Red1 Rbf4 38. Rxd6 Qh4 39. f3 Rh5 40.
Rd7 Qg3 41. Kf1 Rh2 42. Qxe5+ Kh6 0-1

[Event "*** Titled Tuesday Blitz"]
[Site "Chess.com"]
[Date "2020.04.28"]
[Round "5"]
[White "VincentKeymer"]
[Black "MaximDlugy"]
[Result "0-1"]
[WhiteElo "2727"]
[BlackElo "2912"]
[TimeControl "180+1"]
[EndTime "10:55:29 PDT"]
[Termination "MaximDlugy won by resignation"]

1. d4 d5 2. c4 dxc4 3. Nf3 a6 4.
e3 e6 5. Bxc4 Nf6 6. O-O b5 7.
Be2 Bb7 8. a4 b4 9. b3 c5 10. Bb2 Nbd7 11. Nbd2 Be7 12. Nc4 O-O 13.
Rc1 Rc8 14. h3 cxd4 15. Nxd4 Nc5 16. a5 Rc7 17. Bf3 Nfe4 18. Qc2 Bf6 19. Rfd1 Qe7 20.
Qb1 Bh4 21. Rf1 Rd8 22. g3 Qg5 23. Bg2 Nxg3 24. fxg3 Bxg2 25. gxh4 Qg3 26. Ne2 Qxh3 27. Rfd1 Bd5 28. Nf4 Qg3+ 29. Kf1 Qf3+ 30. Kg1 Qh1+ 31. Kf2 Ne4+ 32. Ke2 Ng3+ 33. Kf2 Qh2+ 34. Ke1 Qg1+ 35. Kd2 Qf2+ 0-1